AoeStats
← xxzxg_Nono

Arabia

510249716Analyzed
3v3 RM · 2d ago on Sep 30, 2026· 26m 28s· 6 players
Game mode
Random Map
Map size
Normal (6 player)
Population
200
Speed
Normal
Resources
Standard
Victory
Conquest
Starting age
Dark Age
Ending age
Imperial Age
RankedLock teamsTeams togetherTeam positionsShared explorationLock speedFull tech treeHidden civsTurbo modeCheats
Victory
Defeat
🇭🇰 Poles · Hong Kong SAR China
1125
+9
🇦🇷 Britons · Argentina
1050
+12
🇨🇳 Slavs · China
1016
+12
🇦🇺 Wei · Australia
972
-12
🇵🇰 Inca · Pakistan
950
-11
🇺🇸 Romans · United States
935
-10
GUASON_
4:30 Loom
11:05 Feudal Age
11:10 Man-at-Arms
11:50 Double-Bit Axe
13:35 Fletching
18:03 Padded Archer Armor
23:20 Castle Age
22:33 Gold Mining
22:25 Horse Collar
22:37 Stone Mining
22:43 Stone Mining
23:31 Crossbowman
24:07 Bodkin Arrow
大润发杀鱼20年
7:53 Loom
11:23 Feudal Age
12:12 Double-Bit Axe
12:10 Horse Collar
12:17 Man-at-Arms
19:38 Forging
24:19 Castle Age
22:58 Scale Barding Armor
23:21 Bloodlines
23:20 Gold Mining
25:22 Heavy Plow
25:34 Bow Saw
24:48 Light Cavalry
25:29 Husbandry
xxzxg_Nono
11:31 Feudal Age
12:22 Horse Collar
14:30 Double-Bit Axe
16:28 Scale Barding Armor
16:36 Forging
22:46 Castle Age
21:40 Gold Mining
22:18 Bloodlines
23:50 Heavy Plow
24:02 Bow Saw
24:41 Chain Barding Armor
23:45 Light Cavalry
24:29 Husbandry
25:53 Detinets
snake
10:09 Feudal Age
11:41 Scale Mail Armor
11:15 Man-at-Arms
14:34 Double-Bit Axe
15:29 Horse Collar
GREENEYES
1:24 Loom
10:23 Feudal Age
10:53 Town Watch
11:01 Double-Bit Axe
23:45 Castle Age
Haseeb Ayaz
12:02 Feudal Age
22:04 Wheelbarrow
Connection lost

Rejoining the realm…

Still unreachable

The connection could not be restored.

Session expired

The server has moved on; the page needs a fresh start.